 Dungeon Crawl Stone Soup version 0.22.1-6-g1668fe2 (webtiles) character file.

452 tognito the Cleaver (level 6, -3/78 HPs)
             Began as a Minotaur Berserker on Jan 20, 2019.
             Was a Priest of Trog.
             Slain by a worker ant (5 damage)
             ... on level 4 of the Dungeon.
             The game lasted 00:05:25 (1917 turns).

tognito the Cleaver (Minotaur Berserker)            Turns: 1917, Time: 00:05:26

Health: -3/78      AC:  2    Str: 29    XL:     6   Next: 75%
Magic:  5/5        EV: 12    Int:  4    God:    Trog [***...]
Gold:   180        SH:  0    Dex:  7    Spells: 5/5 levels left

rFire    + . .     SeeInvis .   a - +0 hand axe
rCold    . . .     Gourm    .   (no shield)
rNeg     . . .     Faith    .   b - +0 animal skin
rPois    .         Spirit   .   (helmet restricted)
rElec    .         Reflect  .   (no cloak)
rCorr    .         Harm     .   (no gloves)
MR       .....                  (no boots)
Stlth    ..........             d - amulet of regeneration
HPRegen  0.63/turn              (no ring)
MPRegen  0.09/turn              (no ring)

@: berserking, very quick
A: retaliatory headbutt, horns 2, clumsy 1, fire resistance 1
a: Berserk, Trog's Hand, Renounce Religion


You were on level 4 of the Dungeon.
You worshipped Trog.
Trog was most pleased with you.
You were very hungry.

You visited 1 branch of the dungeon, and saw 4 of its levels.

You collected 180 gold pieces.

Inventory:

Hand Weapons
 a - a +0 hand axe (weapon)
Missiles
 j - 19 bolts
Armour
 b - a +0 animal skin (worn)
Jewellery
 d - an amulet of regeneration (around neck)
Scrolls
 e - 2 scrolls of remove curse {unknown}
 f - a scroll of magic mapping {unknown}
 h - 2 scrolls of fear {unknown}
 i - a scroll of enchant armour {unknown}
 l - 2 scrolls of teleportation {unknown}
 o - a scroll of identify {unknown}
Potions
 m - a potion of curing
 n - 2 potions of heal wounds
Comestibles
 c - 6 rations
 g - 9 chunks of flesh


   Skills:
 - Level 4.1 Fighting
 + Level 9.0 Axes
 - Level 2.4 Armour
 - Level 2.3 Dodging


You had 5 spell levels left.
You didn't know any spells.
Your spell library was empty.

Dungeon Overview and Level Annotations

Branches:
Dungeon (4/15)
 Temple: D:4-7

Altars:
Ru


Innate Abilities, Weirdness & Mutations

You reflexively headbutt those who attack you in melee.
You have a pair of horns on your head.
You are clumsy. (Dex -2)
Your flesh is heat resistant. (rF+)


Message History

The hound skeleton bites you.
* * * LOW HITPOINT WARNING * * *
You slash the orc wizard!
You kill the orc wizard!
Trog accepts your kill.
Trog appreciates your killing of a magic user.
You hit the orc priest. You slash the hound skeleton!
The orc priest closely misses you.
Things that are here:
a dagger; a robe; 2 scrolls labeled LEGHEC PESAA Unknown command.
You slash the orc priest!
You kill the orc priest!
Trog accepts your kill.
You slash the hound skeleton!
You destroy the hound skeleton!
Trog accepts your kill.
Your Axes skill increases to level 9!
You hit the worker ant. The worker ant bites you.
You die...

# #### #. ..# ####
.###.###..###
...........####### #
#.#......#.#.....# #.
#.#........>.....#
#.###......$...#...?.#
#.........?..#.@..#.##
####...#........)a......
<................o.#.##.
#.##..........#.#..Oo..
#.##.....#....#.........
#.##.........####.###.#
..##......##.# .# .#
#.##...!..##.# .. .
#..####....... ..


You could see an ogre, a worker ant, an orc priest and an orc.

Vanquished Creatures
  A scorpion (D:4)
  A howler monkey (D:4)
  2 hounds (D:4)
  An orc priest (D:4)
  A centaur skeleton (D:4)
  An orc wizard (D:4)
  Natasha (thrice) (D:3)
  A hound skeleton (D:4)
  A howler monkey skeleton (D:3)
  6 adders
  An adder skeleton (D:3)
  4 worms
  A dart slug (D:2)
  2 leopard geckos
  An orc (D:3)
  6 giant cockroaches
  4 goblins
  4 hobgoblins
  4 jackals (D:3)
  3 quokkas
  A ball python (D:4)
  3 bats
  5 frilled lizards
  4 kobolds
  7 rats
  A plant (D:3)
69 creatures vanquished.

Notes
Turn   | Place    | Note
-------+----------+-------------------------------------------
     0 | D:1      | tognito the Minotaur Berserker began the quest for the Orb.
     0 | D:1      | Reached XP level 1. HP: 19/19 MP: 0/0
    49 | D:1      | Gained mutation: You are clumsy. (Dex -2) [potion of
                  | mutation]
    49 | D:1      | Gained mutation: Your flesh is heat resistant. (rF+)
                  | [potion of mutation]
   466 | D:2      | Reached XP level 2. HP: 24/27 MP: 1/1
   524 | D:2      | Reached skill level 4 in Axes
   625 | D:2      | Reached XP level 3. HP: 23/33 MP: 2/2
   851 | D:2      | Reached ** piety under Trog
   964 | D:3      | Reached skill level 5 in Axes
   971 | D:3      | Noticed Natasha
   977 | D:3      | Killed Natasha
   977 | D:3      | Reached XP level 4. HP: 18/40 MP: 3/3
  1045 | D:3      | Reached skill level 6 in Axes
  1360 | D:3      | Noticed Natasha
  1362 | D:3      | Found a sacrificial altar of Ru.
  1364 | D:3      | Killed Natasha
  1364 | D:3      | Reached XP level 5. HP: 46/46 MP: 4/4
  1459 | D:3      | Noticed Natasha
  1465 | D:3      | Killed Natasha
  1465 | D:3      | Reached skill level 7 in Axes
  1795 | D:4      | Reached *** piety under Trog
  1831 | D:4      | Reached skill level 8 in Axes
  1831 | D:4      | Reached XP level 6. HP: 52/52 MP: 5/5
  1914 | D:4      | HP: 3/78 [orc priest/falchion (6)]
  1914 | D:4      | HP: 1/78 [hound skeleton (2)]
  1917 | D:4      | Reached skill level 9 in Axes
  1917 | D:4      | Slain by a worker ant

Skill      XL: |  1  2  3  4  5  6 |
---------------+-------------------+-----
Fighting       | 4 |  4.1
Axes           | 4 5 6 8 9 |  9.0
Armour         | |  2.4
Dodging        | |  2.3

Action                   |  1- 3 |  4- 6 || total
-------------------------+-------+-------++-------
Melee: Hand axe          |    64 |   130 ||   194
       Headbutt          |     8 |    25 ||    33
Invok: Berserk           |       |     1 ||     1
  Use: Potion            |     6 |     3 ||     9
  Eat: Chunk             |       |     3 ||     3
Armor: Animal skin       |     9 |    10 ||    19
Dodge: Dodged            |    46 |    51 ||    97
